Map: Automaton LE

Players

CuddleBunny

  • Race: Zerg Zerg
  • Spawn Location: 3:00

Justin - Winner!

  • Race: Terran Terran
  • League: Platinum
  • Spawn Location: 9:00

VOD

Have the link to the VOD?

Description

Time

  • Played on: Nov. 20, 2018, 2:58 p.m.
  • Length: 35:10
Show
View Real Time Build Order
Export as new Build Order

CuddleBunny Zerg 

Build Orders: Hatch First 

Get SALT Encoding   

  12  0:01  Drone  
  13  0:13  Overlord  
  13  0:20  Drone  
  14  0:32  Drone  
  14  0:33  Drone  
  16  0:52  Hatchery  
  16  0:54  Drone  
  16  0:57  Drone  
  16  1:01  Drone  
  18  1:05  Extractor  
  17  1:18  Spawning Pool  
  17  1:21  Drone  
  17  1:28  Drone  
  17  1:29  Drone  
  19  1:43  Drone  
  20  1:50  Overlord  
  20  2:07  Queen x2  
  24  2:10  Zergling x4  
  24  2:14  Metabolic Boost  
  26  2:17  Drone  
  26  2:21  Drone  
  28  2:27  Drone  
  29  2:32  Drone  
  29  2:33  Overlord  
  30  2:55  Drone x4  
  34  3:04  Overlord  
  34  3:05  Overlord  
  34  3:16  Zergling x2  
  35  3:23  Hatchery  
  34  3:40  Drone x4  
  38  3:41  Drone  
  38  3:42  Drone x2  
  41  3:48  Queen  
  41  3:51  Overlord  
  43  3:56  Overlord  
  43  4:02  Zergling x8  
  47  4:04  Drone  
  48  4:12  Evolution Chamber  
  47  4:18  Evolution Chamber  
  47  4:24  Queen  
  47  4:44  Drone x11  
  54  5:04  Zerg Melee Weapons Level 1, Zerg Ground Armor Level 1  
  52  5:10  Drone x4  
  52  5:11  Drone x4  
  52  5:12  Lair  
  60  5:16  Roach Warren  
  59  5:21  Extractor  
  59  5:22  Overlord  
  59  5:23  Zergling x4  
  60  5:35  Zergling x12  
  66  5:47  Overlord x3  
  66  5:54  Drone x2  
  68  6:03  Zergling x10  
  68  6:04  Hatchery  
  72  6:10  Glial Reconstitution  
  72  6:14  Queen  
  74  6:21  Baneling Nest  
  74  6:24  Extractor x2  
  71  6:27  Queen  
  73  6:39  Spore Crawler x2  
  71  6:40  Spore Crawler x3  
  71  6:41  Drone x4  
  71  6:42  Spore Crawler  
  71  6:45  Spore Crawler x2  
  71  6:46  Spore Crawler  
  68  6:48  Spore Crawler x2  
  68  6:49  Spore Crawler, Drone  
  68  6:50  Spore Crawler, Drone x2  
  68  6:51  Queen  
  68  6:52  Queen  
  71  7:03  Queen  
  71  7:04  Centrifical Hooks  
  71  7:07  Hydralisk Den  
  72  7:10  Drone x3  
  75  7:16  Drone x5  
  80  7:39  Queen x2  
  80  7:40  Overlord  
  80  7:41  Overlord x2  
  84  7:46  Drone  
  84  7:47  Extractor x2, Drone x4  
  84  7:50  Grooved Spines  
  87  7:54  Drone  
  87  7:55  Drone  
  87  7:57  Drone  
  90  8:00  Zerg Missile Weapons Level 1  
  90  8:14  Hatchery  
  87  9:01  Muscular Augments  
  87  9:03  Queen x4  
  87  9:07  Hydralisk x7  
  87  9:08  Hydralisk x6  
  117  9:20  Hydralisk x4  
  114  9:38  Queen  
  114  9:44  Drone x12  
  114  9:45  Drone  
  129  9:57  Zerg Missile Weapons Level 2  
  129  9:58  Zerg Ground Armor Level 2  
  129  10:04  Overlord  
  129  10:05  Overlord  
  129  10:10  Drone x3  
  129  10:13  Drone  
  133  10:15  Drone  
  119  10:38  Hydralisk x6  
  119  10:39  Hydralisk x4  
  120  10:46  Queen x2  
  112  11:06  Hydralisk x3  
  112  11:07  Hydralisk x4  
  126  11:13  Drone x5  
  126  11:14  Drone  
  126  11:16  Hatchery  
  133  11:40  Roach x9  
  133  11:41  Overlord  
  133  11:42  Overlord x5  
  149  12:00  Overlord x3  
  149  12:03  Drone x3  
  152  12:10  Hatchery  
  152  12:14  Infestation Pit  
  150  12:24  Overlord  
  150  12:25  Overlord x2  
  150  12:26  Pneumatized Carapace  
  150  12:28  Burrow  
  150  12:30  Tunneling Claws  
  150  12:34  Hydralisk x9  
  150  12:36  Zergling x2  
  169  12:37  Zergling x2  
  169  12:38  Zergling x2  
  169  12:52  Overlord x6  
  158  13:16  Spore Crawler  
  158  13:19  Spore Crawler, Spire  
  155  13:20  Spore Crawler  
  154  13:30  Hive  
  154  13:31  Hydralisk x13  
  154  13:33  Zergling x2  
  181  13:53  Zergling x20  
  181  13:54  Zergling x16  
  199  14:08  Baneling x4  
  199  14:22  Drone  
  171  14:59  Ultralisk Cavern  
  170  15:02  Spore Crawler, Zerg Flyer Weapons Level 1  
  170  15:03  Mutalisk x15  
  199  15:08  Zerg Melee Weapons Level 2  
  199  15:09  Zerg Ground Armor Level 3  
  199  15:27  Overseer  
  118  16:10  Corruptor x2  
  118  16:11  Corruptor x12  
  120  16:14  Zergling x28  
  120  16:15  Zergling x36  
  120  16:16  Zergling x4  
  178  16:38  Extractor x2  
  176  16:42  Ultralisk x2  
  188  16:52  Roach x6  
  200  17:01  Chitinous Plating  
  200  17:24  Zerg Flyer Weapons Level 2, Zerg Missile Weapons Level 3  
  171  18:11  Corruptor  
  171  18:12  Corruptor x6  
  168  18:35  Hydralisk x9  
  186  18:50  Extractor x2  
  182  19:12  Hatchery  
  182  19:13  Hydralisk x10  
  199  19:47  Zerg Melee Weapons Level 3  
  198  20:21  Hatchery  
  195  20:33  Unknown  
  195  21:09  Hydralisk  
  195  21:10  Hydralisk  
  197  22:02  Overlord x3  
  197  22:03  Overlord  
  173  22:28  Ultralisk x3  
  173  22:29  Hydralisk x4  
  185  22:30  Hydralisk x3  
  185  22:56  Zerg Flyer Weapons Level 3  
  185  23:08  Overseer  
  185  23:25  Hydralisk x7  
  199  23:49  Overseer  
  197  24:25  Infestor  
  197  24:27  Spire  
  198  25:02  Extractor  
  197  25:08  Extractor  
  162  25:32  Corruptor x4  
  162  25:33  Corruptor x7  
  162  25:38  Corruptor x12  
  162  25:42  Mutalisk x2  
  152  25:43  Mutalisk x2  
  152  25:47  Zergling x2  
  152  25:48  Zergling x54  
  152  25:49  Zergling x16  
  166  25:58  Extractor  
  166  25:59  Extractor  
  164  26:25  Hydralisk x11  
  186  26:35  Overseer  
  186  26:45  Hatchery  
  184  26:57  Zergling x26  
  184  26:58  Zergling x10  
  189  27:17  Infestor x5  
  177  27:24  Roach x3  
  177  27:25  Roach x5  
  193  27:50  Drone  
  193  27:51  Drone x5  
  199  28:02  Baneling x5  
  199  28:03  Baneling x14  
  182  28:25  Roach  
  182  28:26  Roach x11  
  198  28:47  Corruptor  
  198  28:48  Corruptor x4  
  164  28:49  Corruptor  
  163  29:14  Zerg Flyer Armor Level 1  
  163  29:19  Neural Parasite  
  163  29:29  Infestor  
  162  30:11  Hydralisk x17  
  194  30:16  Hatchery  
  193  30:38  Pathogen Glands  
  193  30:48  Corruptor x2  
  193  30:49  Corruptor  
  168  31:22  Infestor x4  
  168  31:23  Infestor x3  
  154  32:02  Zergling x2  
  154  32:03  Zergling x24  
  157  32:18  Corruptor x10  
  159  32:40  Hydralisk x6  
  162  32:58  Zergling x20  
  169  33:21  Hatchery  
  125  33:55  Hydralisk x4  
  111  33:56  Hydralisk x8  
  127  34:18  Queen  
  129  34:36  Zergling x12  
  129  34:37  Zergling x32  
  148  34:48  Extractor  
Show
View Real Time Build Order
Export as new Build Order

Justin Terran - Winner!

Build Orders:  

Get SALT Encoding   

  12  0:02  SCV  
  13  0:16  SCV  
  13  0:20  Supply Depot  
  14  0:31  SCV  
  14  0:35  Refinery  
  15  0:43  SCV  
  15  0:48  Barracks  
  16  0:56  SCV  
  17  1:08  SCV  
  18  1:27  SCV  
  19  1:36  Reaper  
  19  1:39  SCV  
  21  1:42  Command Center  
  21  1:51  Orbital Command  
  21  2:02  Factory  
  21  2:09  Refinery  
  21  2:11  Marine  
  22  2:17  SCV  
  23  2:38  Supply Depot  
  23  2:53  SCV, Marine  
  23  2:57  Factory Tech Lab, Orbital Command  
  25  3:05  Factory, SCV  
  26  3:15  Starport  
  26  3:17  SCV  
  27  3:25  SCV  
  28  3:48  Factory Tech Lab  
  31  3:55  Siege Tank, Command Center  
  31  3:58  SCV x2  
  33  4:09  Marine  
  34  4:10  Bunker, SCV x2  
  34  4:11  Starport Tech Lab  
  36  4:22  SCV  
  35  4:27  Marine  
  27  5:06  Bunker, Marine  
  25  5:08  Siege Tank x2  
  25  5:09  Orbital Command  
  31  5:21  SCV x2  
  32  5:24  Marine  
  34  5:31  Fusion Core  
  34  5:33  SCV x2  
  36  5:39  Supply Depot  
  36  5:40  SCV  
  36  5:42  Marine  
  38  5:45  SCV  
  39  5:53  SCV x2  
  39  5:55  Refinery  
  41  5:57  SCV, Refinery  
  41  6:01  Supply Depot  
  41  6:02  Engineering Bay  
  42  6:05  SCV x2  
  42  6:06  Marine  
  42  6:07  Starport  
  45  6:14  SCV  
  45  6:17  SCV  
  47  6:24  Supply Depot  
  47  6:39  Marine  
  47  6:47  Supply Depot  
  48  6:51  Missile Turret  
  48  6:53  Starport Tech Lab  
  48  6:55  Battlecruiser  
  54  7:05  SCV  
  54  7:06  SCV x2  
  57  7:12  Missile Turret  
  57  7:14  Missile Turret  
  58  7:18  SCV x3  
  58  7:19  Battlecruiser  
  67  7:25  Barracks x2  
  67  7:26  Barracks  
  66  7:33  Barracks  
  66  7:34  Barracks x2  
  66  7:35  Barracks Tech Lab  
  66  7:37  SCV x3  
  69  7:49  SCV x2  
  69  7:50  SCV  
  72  7:55  Siege Tank  
  72  7:58  Siege Tank  
  78  7:59  Command Center  
  78  8:08  SCV x2  
  78  8:09  SCV  
  81  8:13  Battlecruiser  
  81  8:15  Stimpack  
  87  8:20  Missile Turret  
  87  8:23  Structure Armor  
  87  8:26  SCV  
  88  8:27  SCV  
  89  8:34  Weapon Refit  
  89  8:37  Refinery  
  89  9:10  Battlecruiser  
  89  9:42  Battlecruiser  
  89  9:43  Planetary Fortress  
  95  9:47  Refinery  
  95  9:53  Siege Tank  
  95  9:55  SCV x2  
  95  9:56  SCV  
  101  10:07  SCV  
  101  10:08  SCV x2  
  104  10:15  Terran Infantry Weapons Level 1  
  104  10:16  Command Center, Barracks Reactor x3, Combat Shield  
  104  10:18  Refinery  
  104  10:19  SCV  
  104  10:20  SCV x2, Refinery  
  104  10:32  SCV  
  93  10:51  Battlecruiser  
  99  11:07  Command Center  
  99  11:20  SCV x4  
  103  11:32  SCV x4  
  107  11:44  SCV  
  108  11:53  SCV, Battlecruiser  
  115  11:57  Supply Depot  
  115  11:59  Supply Depot  
  115  12:01  Supply Depot  
  115  12:12  SCV  
  116  12:18  SCV, Marine x7  
  116  12:19  SCV, Battlecruiser  
  116  12:20  Supply Depot  
  116  12:22  Planetary Fortress  
  131  12:23  Supply Depot x2  
  131  12:24  SCV  
  131  12:27  Command Center, Refinery  
  132  12:30  SCV  
  132  12:31  SCV  
  132  12:36  SCV, Marine x3  
  138  13:11  Battlecruiser  
  138  13:12  Marine  
  138  13:13  Marine x6  
  138  13:17  SCV, Refinery  
  138  13:18  SCV x3  
  149  13:23  Siege Tank x2  
  155  13:30  Marine x2  
  155  13:31  Terran Infantry Armor Level 1, Marine x2, Engineering Bay  
  155  13:34  Armory  
  159  13:35  Armory  
  159  13:43  Planetary Fortress  
  159  13:50  Supply Depot  
  162  13:55  Siege Tank x2  
  165  14:04  Battlecruiser  
  171  14:14  Supply Depot  
  171  14:15  Marine x4  
  171  14:16  Marine x3  
  168  14:33  Marine x5  
  168  14:34  Marine x2  
  156  14:52  Command Center  
  156  14:59  Command Center  
  156  15:01  Battlecruiser  
  156  15:06  Missile Turret  
  162  15:07  Marine x3  
  162  15:08  Missile Turret, Battlecruiser, Marine x3  
  174  15:19  SCV x3  
  177  15:31  Marine x5  
  177  15:32  Terran Infantry Armor Level 2, Terran Infantry Weapons Level 2, Marine x2  
  177  15:34  Terran Vehicle And Ship Armor Level 1, Terran Ship Weapons Level 1  
  184  15:49  Marine  
  157  16:15  Planetary Fortress  
  157  16:21  Missile Turret  
  157  16:29  Missile Turret x2  
  157  16:30  Command Center  
  157  16:39  Refinery  
  157  16:53  Marine x3  
  157  16:54  Marine x4  
  164  17:11  Marine x3  
  164  17:14  Battlecruiser x2  
  164  17:15  Marine x4  
  183  17:27  Missile Turret  
  183  17:28  Missile Turret  
  183  17:29  Marine x3  
  185  17:30  Missile Turret  
  185  17:33  Marine x4  
  189  17:38  Terran Vehicle And Ship Armor Level 2, Terran Ship Weapons Level 2  
  189  17:44  Planetary Fortress  
  189  17:46  Marine  
  189  17:47  Marine  
  189  17:49  SCV x4, Missile Turret  
  189  17:50  Missile Turret  
  195  17:54  Missile Turret, Command Center  
  195  18:01  SCV  
  192  18:29  Ghost Academy  
  192  18:32  Barracks  
  192  18:35  Barracks  
  192  18:37  Battlecruiser, Barracks  
  192  18:38  Barracks  
  190  19:22  Command Center  
  190  19:33  Sensor Tower  
  190  19:47  Missile Turret  
  190  19:48  Barracks Tech Lab  
  190  19:49  Sensor Tower, Barracks Tech Lab x3  
  190  19:50  Personal Cloaking  
  190  19:51  Missile Turret  
  190  19:52  Missile Turret  
  190  19:53  SCV x3  
  193  20:05  SCV x3  
  193  20:17  SCV x2  
  187  20:47  Widow Mine x2  
  190  21:08  Widow Mine  
  190  21:09  Widow Mine  
  194  21:18  Command Center  
  194  21:20  Missile Turret  
  194  21:22  Missile Turret  
  194  21:23  Missile Turret  
  194  21:24  Missile Turret x2  
  194  21:26  Missile Turret  
  194  21:29  Missile Turret x2  
  194  21:30  Widow Mine x2  
  198  21:43  Terran Vehicle And Ship Armor Level 3, Terran Ship Weapons Level 3  
  198  21:51  Widow Mine  
  198  21:52  Refinery  
  200  21:55  Supply Depot  
  200  21:58  Planetary Fortress  
  200  22:02  Refinery  
  200  22:04  Supply Depot  
  200  22:06  Supply Depot  
  200  22:07  Supply Depot  
  197  22:33  Planetary Fortress  
  197  23:02  Command Center  
  197  23:16  SCV  
  197  23:17  SCV x2  
  200  24:18  Planetary Fortress  
  200  24:36  Missile Turret  
  200  24:38  Missile Turret  
  200  24:57  Sensor Tower  
  109  25:58  Battlecruiser x2  
  109  26:02  Siege Tank x2  
  109  26:03  Ghost x4  
  109  26:04  Ghost, Marine x2  
  133  26:05  Marine x4  
  143  26:25  Command Center  
  143  26:29  Command Center  
  143  26:31  Ghost  
  143  26:32  Ghost x3, Missile Turret  
  149  26:33  Missile Turret  
  149  26:34  Siege Tank x2, Missile Turret  
  155  27:02  Battlecruiser x2  
  167  27:16  Refinery  
  167  27:17  Refinery  
  160  27:37  Planetary Fortress  
  160  27:42  Planetary Fortress  
  160  27:46  SCV x3  
  164  27:58  SCV x3  
  166  28:06  Battlecruiser  
  166  28:07  Battlecruiser  
  178  28:36  Supply Depot  
  178  28:37  Supply Depot  
  178  28:40  Supply Depot  
  157  29:01  SCV x3  
  157  29:02  SCV x2  
  162  29:14  Ghost x5  
  172  29:18  Marine x3  
  172  29:19  Marine x3  
  178  29:24  Missile Turret  
  178  29:26  Missile Turret  
  178  29:36  Marine x4  
  178  29:37  Marine  
  183  29:48  Supply Depot  
  183  30:20  Command Center  
  183  30:24  Marine x5  
  183  30:25  Marine x3  
  183  30:26  Medivac x2  
  195  30:50  Marine x5  
  185  31:56  Marine x3  
  179  32:05  Marine x4  
  179  32:06  Marine x3  
  186  32:10  Battlecruiser x2  
  157  32:52  Siege Tank x2, Command Center  
  159  33:07  Marine  
  159  33:08  Marine x7  
  159  33:09  Marine x3  
  165  33:25  Siege Tank, Marine x2  
  165  33:26  Marine x6  
  170  34:13  Marine x5  
  170  34:14  Marine x2  
Tags
 
League
Platinum
Matchup
TvZ
Spawn Locations
Cross Positions
Add a new tag
Caveats
  • Supply blocks, unpowered buildings, or Contaminate may cause inaccurate times.
  • Supply counts are checked every 10 seconds.